 Dungeon Crawl Stone Soup version 0.23.2-1-ga50397a (webtiles) character file.

Game seed: 1361625395332503038

724 night the Sneak (level 7, 0/32 HPs)
             Began as a Vine Stalker Conjurer on Apr 18, 2019.
             Slain by Pikel
             ... wielding a +1 whip of electrocution
              (2 damage)
             ... on level 5 of the Dungeon.
             The game lasted 00:17:33 (5578 turns).

night the Sneak (Vine Stalker Conjurer)             Turns: 5578, Time: 00:17:34

Health: 0/32       AC:  6    Str: 10    XL:     7   Next: 71%
Magic:  0/14       EV: 12    Int: 19    God:
Gold:   195        SH:  9    Dex: 19    Spells: 4/15 levels left

rFire    + . .     SeeInvis .   m - +0 dagger
rCold    . . .     Gourm    .   A - +0 buckler
rNeg     . . .     Faith    .   L - +2 robe {rF+}
rPois    +         Spirit   +   (no helmet)
rElec    .         Reflect  +   x - +0 cloak
rCorr    .         Harm     .   p - +0 pair of gloves
MR       .....                  (no boots)
Stlth    +++.......             u - +4 amulet of reflection
HPRegen  0.50/turn              j - +6 ring of dexterity
MPRegen  0.14/turn              g - ring of poison resistance

@: no status effects
A: fangs 2, clever 1, clumsy 1, regeneration 1, magic shield, antimagic bite, no
potion heal 3, rot immunity
a: no special abilities


You were on level 5 of the Dungeon.
You were not hungry.

You visited 1 branch of the dungeon, and saw 5 of its levels.

You collected 195 gold pieces.

Inventory:

Hand Weapons
 m - a +0 dagger (weapon)
 y - a +0 long sword
 E - a +0 hand crossbow
Missiles
 d - 187 stones (quivered)
 q - 57 sling bullets
Armour
 p - a +0 pair of gloves (worn)
 x - a +0 cloak (worn)
 A - a +0 buckler (worn)
 L - a +2 robe of fire resistance (worn)
Jewellery
 g - a ring of poison resistance (right hand)
 j - a +6 ring of dexterity (left hand)
 l - an uncursed ring of protection from cold
 r - an uncursed ring of positive energy
 u - a +4 amulet of reflection (around neck)
 v - an uncursed ring of stealth
Wands
 B - a wand of random effects (25)
 D - a wand of enslavement (12)
 J - a wand of paralysis (8)
Scrolls
 e - 5 scrolls of identify {unknown}
 f - 4 scrolls of blinking {unknown}
 i - a scroll of immolation {unknown}
 k - 2 scrolls of random uselessness {unknown}
 n - 2 scrolls of fear {unknown}
 s - 2 scrolls of teleportation {unknown}
 w - a scroll of fog {unknown}
 C - a scroll of magic mapping {unknown}
 F - a scroll of amnesia {unknown}
 G - a scroll of remove curse {unknown}
 K - a scroll of enchant armour {unknown}
Potions
 b - a potion of haste {unknown}
 h - 2 potions of berserk rage {unknown}
 o - a potion of brilliance {unknown}
 t - 2 potions of mutation
 z - 2 potions of curing {unknown}
 H - a potion of ambrosia {unknown}
 I - 2 potions of degeneration {unknown}
Comestibles
 c - 9 rations


   Skills:
 + Level 2.7 Short Blades
 - Level 1.5 Dodging
 + Level 5.7 Stealth
 + Level 2.3 Shields
 + Level 4.5 Spellcasting
 + Level 5.6 Conjurations


You had 4 spell levels left.
You knew the following spells:

 Your Spells              Type           Power        Failure   Level  Hunger
a - Magic Dart            Conj           ####         1%          1    None
b - Searing Ray           Conj           ####..       2%          2    #......
c - Iskenderun's Mystic   Conj           ####....     16%         4    ####...
d - Force Lance           Conj/Tloc      ###.....     45%         4    ####...

Your spell library contained the following spells:

 Spells                   Type           Power        Failure   Level  Hunger
 Dazzling Spray           Conj/Hex       ###...       16%         3    ###....
 Fulminant Prism          Conj/Hex       ###.......   45%         4    ####...


Dungeon Overview and Level Annotations

Branches:
Dungeon (5/15)
 Temple: D:4-7

Altars:
Elyvilon
Hepliaklqana
Qazlal
Ru

Annotations:
D:4 2 transporters, whitewolfNL's ghost, novice TrBe
D:5 Pikel


Innate Abilities, Weirdness & Mutations

You have extremely sharp teeth.
Your natural rate of healing is unusually fast.
When hurt, damage is shared between your health and your magic reserves.
Your bite disrupts and absorbs the magic of your enemies.
Potions cannot restore your health.
You are immune to rotting.
Your mind is acute. (Int +2)
You are clumsy. (Dex -2)


Message History

Pikel is heavily wounded.
Pikel hits you but does no damage.
You completely miss Pikel. Your bite misses Pikel.
Pikel is heavily wounded.
Pikel says, "You'll fetch a fair price!"
Pikel misses you.
You hit Pikel but do no damage. Your bite misses Pikel.
Pikel is heavily wounded.
Pikel hits you with a +1 whip of electrocution.
You are electrocuted!!
* * * LOW HITPOINT WARNING * * *
You closely miss Pikel. Your bite misses Pikel.
Pikel is heavily wounded.
Pikel hits you with a +1 whip of electrocution!
* * * LOW HITPOINT WARNING * * *
Your magical contamination has completely faded away.
It was a potion of mutation.
You feel extremely strange.
You feel clumsy.
You feel clever.
Pikel hits you with a +1 whip of electrocution.
You die...

#######.## #..# #..##
##..# #..# #### #..##
###..#####..##
###.......##..p##########
.............#pK@........
.........O...###.....####
p..K....>..>.# #.....#
.....p.......# ##.....#
O.p...<......# ##.....#
.............# #.....#
............## #.....
..........### #....
....#######


You could see Pikel and 2 slaves.

Vanquished Creatures
  2 ogres
  Blork the orc (D:5)
  A crimson imp (D:5)
  A bullfrog skeleton (D:5)
  A hound (D:4)
  2 orc wizards (D:4)
  An orc priest (D:4)
  Ijyb (D:4)
  Terence (D:2)
  2 worker ants (D:4)
  12 adders
  An adder skeleton (D:5)
  4 worms
  A dart slug (D:1)
  2 leopard geckos
  6 orcs
  2 ball pythons (D:1)
  7 goblins
  9 hobgoblins
  9 jackals
  11 bats
  7 frilled lizards
  4 kobolds
  14 rats
102 creatures vanquished.

Notes
Turn   | Place    | Note
-------+----------+-------------------------------------------
     0 | D:1      | night the Vine Stalker Conjurer began the quest for the
                  | Orb.
     0 | D:1      | Reached XP level 1. HP: 9/9 MP: 4/4
   221 | D:1      | Reached XP level 2. HP: 13/13 MP: 3/6
   752 | D:1      | Reached XP level 3. HP: 16/16 MP: 5/8
  1314 | D:1      | Learned a level 2 spell: Searing Ray
  1567 | D:2      | Gained mutation: Your natural rate of healing is unusually
                  | fast. [Vine Stalker growth]
  1567 | D:2      | Reached XP level 4. HP: 19/21 MP: 3/9
  2176 | D:2      | Learned a level 4 spell: Iskenderun's Mystic Blast
  2437 | D:2      | Found a stormy altar of Qazlal.
  2446 | D:2      | Noticed Terence
  2661 | D:2      | Killed Terence
  2661 | D:2      | Reached skill level 1 in Short Blades
  2661 | D:2      | Reached XP level 5. HP: 24/24 MP: 2/11
  4223 | D:4      | Reached skill level 5 in Conjurations
  4363 | D:4      | Reached XP level 6. HP: 28/28 MP: 5/12
  4398 | D:4      | Reached skill level 1 in Shields
  4509 | D:4      | Found a transporter.
  4509 | D:4      | Noticed whitewolfNL's ghost (novice TrBe)
  4510 | D:4      | Found a transporter.
  4512 | D:4      | Identified the +2 dire flail of the Magi {flame, +Blink
                  | rN+}
  4740 | D:4      | Found a hazy altar of Hepliaklqana.
  4749 | D:4      | Reached skill level 5 in Stealth
  5020 | D:4      | Reached XP level 7. HP: 19/32 MP: 9/14
  5061 | D:4      | Learned a level 4 spell: Force Lance
  5077 | D:4      | Noticed Ijyb
  5081 | D:4      | Killed Ijyb
  5157 | D:5      | Entered Level 5 of the Dungeon
  5157 | D:5      | Noticed Pikel
  5206 | D:5      | Noticed Blork the orc
  5330 | D:5      | Found a sacrificial altar of Ru.
  5407 | D:5      | Killed Blork the orc
  5476 | D:5      | Found a white marble altar of Elyvilon.
  5578 | D:5      | Gained mutation: You are clumsy. (Dex -2) [potion of
                  | mutation]
  5578 | D:5      | Gained mutation: Your mind is acute. (Int +2) [potion of
                  | mutation]
  5578 | D:5      | Slain by Pikel

Skill      XL: |  1  2  3  4  5  6  7 |
---------------+----------------------+-----
Stealth        | 3 4 5 |  5.7
Spellcasting   | 3 4 |  4.5
Short Blades   | 1 2 |  2.7
Conjurations   | 5 |  5.6
Shields        | 1 2 |  2.3
Dodging        | |  1.5

Action                   |  1- 3 |  4- 6 |  7- 9 || total
-------------------------+-------+-------+-------++-------
Melee: Unarmed           |     9 |       |       ||     9
       Bite              |     2 |    21 |    33 ||    56
       Short sword       |     2 |       |       ||     2
       Dagger            |       |    89 |    81 ||   170
Throw: Stone             |       |     1 |       ||     1
 Cast: Magic Dart        |    61 |   123 |    17 ||   201
       Searing Ray       |     2 |     5 |       ||     7
       Iskenderun's Myst |       |     1 |       ||     1
  Use: Potion            |       |       |     1 ||     1
 Stab: Sleeping          |       |     8 |     1 ||     9
  Eat: Chunk             |     2 |    12 |     2 ||    16
Armor: Robe              |     2 |    10 |     4 ||    16
Dodge: Dodged            |    16 |    38 |    19 ||    73
Block: Other             |       |     5 |       ||     5
       Buckler           |       |    23 |    24 ||    47
       Reflection        |       |     2 |       ||     2
